 Dungeon Crawl Stone Soup version 0.32-a0-994-gabb26cbae4 (webtiles) character file.

Game seed: 18358831489949840869

933 unknaown the Magician (level 7, -3/36 HPs)
             Began as a Deep Elf Fire Elementalist on Apr 22, 2024.
             Killed themself with a badly aimed concussive blast (9 damage)
             ... on level 8 of the Dungeon.
             The game lasted 00:31:03 (6370 turns).

unknaown the Magician (Deep Elf Fire Elementalist)  Turns: 6370, Time: 00:31:06

Health: -3/36      AC:  3    Str:  5    XL:     7   Next: 86%
Magic:  0/20       EV: 13    Int: 22    God:
Gold:   277        SH:  0    Dex: 15    Spells: 17/21 levels left

rFire   . . .        (no weapon)
rCold   . . .        (no shield)
rNeg    . . .        a - +0 robe
rPois   .            (no helmet)
rElec   .            (no cloak)
rCorr   .            n - +0 pair of gloves
SInv    .            (no boots)
Will    .....        g - amulet of guardian spirit
Stlth   ++           w - +4 ring of slaying
HPRegen 0.26/turn    (no ring)
MPRegen 0.17/turn

%: guardian spirit
@: lethally poisoned (-3 -> -9), slowed, very slow
A: no striking features
a: no special abilities


You were on level 8 of the Dungeon.
You visited 1 branch of the dungeon, and saw 8 of its levels.

You collected 277 gold pieces.

Inventory:

Missiles
 H - 2 curare-tipped darts
Armour
 a - a +0 robe (worn)
 n - a +0 pair of gloves (worn)
Jewellery
 g - an amulet of guardian spirit (around neck)
 w - a +4 ring of slaying (left hand)
Talismans
 f - a flux talisman
Wands
 C - a wand of quicksilver (7)
Scrolls
 d - 2 scrolls of amnesia
 i - a scroll of noise {unknown}
 j - 6 scrolls of identify {unknown}
 k - a scroll of enchant weapon {unknown}
 m - a scroll of fear {unknown}
 p - a scroll of poison {unknown}
 s - a scroll of immolation {unknown}
 t - a scroll of torment {unknown}
 u - a scroll of brand weapon {unknown}
 x - a scroll of revelation {unknown}
 y - a scroll of blinking {unknown}
 B - a scroll of silence {unknown}
 D - a scroll of vulnerability {unknown}
 E - a scroll of enchant armour {unknown}
 G - a scroll of teleportation {unknown}
Potions
 b - a potion of magic
 c - 7 potions of curing {unknown}
 e - 2 potions of heal wounds {unknown}
 h - 3 potions of berserk rage {unknown}
 l - a potion of might {unknown}
 o - a potion of lignification {unknown}
 q - 2 potions of attraction {unknown}
 r - a potion of resistance {unknown}
 v - a potion of haste {unknown}
 z - a potion of enlightenment {unknown}
 A - 2 potions of degeneration {unknown}
 F - a potion of invisibility {unknown}


   Skills:
 + Level 5.0 Dodging
 - Level 2.5 Stealth
 * Level 7.5 Spellcasting
 + Level 3.8 Conjurations
 * Level 6.6 Fire Magic


You had 17 spell levels left.
You knew the following spells:

 Your Spells              Type           Power      Damage    Failure   Level
a - Foxfire               Conj/Fire      100%       2x1d9     1%          1
b - Volatile Blastmotes   Fire/Tloc      44%        2d13      6%          3

Your spell library contained the following spells:

 Spells                   Type           Power      Damage    Failure   Level
 Scorch                   Fire           74%        2d8       1%          2
 Inner Flame              Hex/Fire       22%        N/A       6%          3
 Flame Wave               Conj/Fire      31%        2d9       9%          4
 Lesser Beckoning         Tloc           16%        N/A       12%         2
 Maxwell's Portable Pile  Tloc           8%         2d(6-16)  24%         3
 Teleport Other           Tloc           8%         N/A       24%         3


Dungeon Overview and Level Annotations

Branches:
Dungeon (8/15)
 Temple: D:4-7         Lair: D:8-11

Altars:
Dithmenos
Fedhas
Makhleb
Okawaru

Annotations:
D:3 skelma's ghost, amateur DsHu
D:5 Pikel
D:6 Maggie
D:7 Prince Ribbit


Message History

Prince Ribbit blinks! x2
There is a stone staircase leading down here.
Prince Ribbit catches a small bird with his tongue.
You climb downwards.
Found a dagger, 24 gold pieces and a scroll labelled ATATAPH TUARRA.
Found an escape hatch in the floor.
There is a stone staircase leading up here.
Casting: Foxfire (safe; 1% risk of failure)
Confirm with . or Enter, or press ? or * to list all spells.
You conjure some foxfire!
Casting: Foxfire (safe; 1% risk of failure)
Confirm with . or Enter, or press ? or * to list all spells.
You conjure some foxfire!
The foxfire hits the hornet but does no damage.
The foxfire hits the hornet.
The hornet is lightly wounded.
Casting: Foxfire (safe; 1% risk of failure)
Confirm with . or Enter, or press ? or * to list all spells.
A cloud of volatile blastmotes flares up around you!
Run!
The foxfire hits the hornet.
The hornet is lightly wounded.
The foxfire hits the hornet.
The hornet is moderately wounded.
The hornet stings you!
You feel yourself slow down. The hornet attacks as it pursues you!
The hornet barely misses you. x2
Casting: Volatile Blastmotes (dangerous; 6% risk of failure)
Confirm with . or Enter, or press ? or * to list all spells.
A cloud of volatile blastmotes flares up around you!
Run!
You feel yourself speed up. The hornet stings you!
You feel yourself slow down. The hornet stings you!
* * * LOW HITPOINT WARNING * * *
You are lethally poisoned!
You feel as though you will be slow longer.
* * * LOW HITPOINT WARNING * * *
You feel very sick.
The cloud of blastmotes explodes!
The concussive blast engulfs the hornet!
The hornet is severely wounded.
The concussive blast engulfs you!
You die...

####...... #
# ..?.....
.# #.#
......##.##
#...
..........
#....
....$..
#.....#...#
#..)...ยง..#
#.....##y.#
##.#...@$.#
#........#
####.###.#
#. ... .
...# #. ..>#
# ...# .#


You could see a hornet.

Vanquished Creatures
  An ogre (D:4)
  3 lemures (D:5)
  2 phantoms
  A scorpion (D:4)
  4 bombardier beetles
  2 jellies
  2 sleepcaps
  A hound (D:4)
  An orc wizard (D:6)
  3 iguanas
  A hound zombie (D:3)
  5 gnolls
  10 adders
  2 ufetubi (D:7)
  An adder zombie (D:3)
  An adder skeleton (D:3)
  A dart slug (D:2)
  7 orcs
  7 ball pythons
  4 bats
  6 endoplasms
  4 giant cockroaches
  A goblin (D:2)
  9 hobgoblins
  2 jackals (D:1)
  5 kobolds
  3 quokkas (D:4)
  7 frilled lizards
  A jackal skeleton (D:3)
  A quokka zombie (D:3)
  7 rats
105 creatures vanquished.

Vanquished Creatures (collateral kills)
  3 foxfires
3 creatures vanquished.

Vanquished Creatures (others)
  603 foxfires
603 creatures vanquished.

Grand Total: 711 creatures vanquished

Notes
Turn   | Place    | Note
-------+----------+-------------------------------------------
     0 | D:1      | unknaown the Deep Elf Fire Elementalist began the quest for
                  | the Orb.
     0 | D:1      | Reached XP level 1. HP: 10/10 MP: 6/6
   218 | D:1      | Reached XP level 2. HP: 15/15 MP: 5/8
  1098 | D:2      | Reached XP level 3. HP: 16/19 MP: 6/10
  1239 | D:2      | Found a shadowy altar of Dithmenos.
  1281 | D:2      | Reached skill level 4 in Spellcasting
  1462 | D:2      | Reached XP level 4. HP: 24/24 MP: 10/12
  1483 | D:2      | Found a faded altar of an unknown god.
  2017 | D:3      | Reached XP level 5. HP: 28/28 MP: 10/14
  2172 | D:3      | Found a transporter.
  2177 | D:3      | Noticed skelma's ghost (amateur DsHu)
  2306 | D:3      | Found a transporter.
  2387 | D:3      | HP: 1/28 [skelma's ghost (7)]
  2871 | D:3      | Reached skill level 5 in Spellcasting
  2878 | D:3      | Learned a level 3 spell: Volatile Blastmotes
  2970 | D:3      | Found a blossoming altar of Fedhas.
  3332 | D:4      | Reached skill level 5 in Fire Magic
  3415 | D:4      | Identified the +9 long sword of Acwe {flame, rElec rN+}
  3488 | D:4      | Reached XP level 6. HP: 32/32 MP: 5/16
  3807 | D:4      | Found a burning altar of Makhleb.
  3893 | D:4      | Found an iron altar of Okawaru.
  3983 | D:4      | Reached skill level 6 in Spellcasting
  4106 | D:4      | Reached XP level 7. HP: 36/36 MP: 11/18
  4481 | D:5      | Entered Level 5 of the Dungeon
  5117 | D:5      | Noticed Pikel
  5550 | D:6      | Reached skill level 7 in Spellcasting
  5894 | D:6      | Noticed a yak
  5905 | D:6      | Noticed Maggie
  6172 | D:7      | Reached skill level 5 in Dodging
  6334 | D:7      | Noticed Prince Ribbit
  6364 | D:8      | Noticed a hornet
  6370 | D:8      | Killed themself with a badly aimed concussive blast

Illustrated notes

Levels and vault maps discovered:
D:1:      dpeg_arrival_pond, layout_basic, serial_park_tiny_2,
          grunt_decor_resistance
D:2:      layout_basic, hellmonk_ecumenical_altar_zigzags, basic_altar,
          dreamdust_mushroom_princess, kennysheep_generic_room_7
D:3:      layout_basic, mainiacjoe_overflow_paths, serial_undead,
          serial_undead_f, serial_undead_c, serial_undead_b, serial_undead_b,
          serial_undead_e, serial_undead_b, serial_undead_f,
          gammafunk_ghost_stat_death
D:4:      layout_rooms, demons_altar, kennysheep_mini, minmay_diced_spiral
D:5:      layout_loops_ring, minmay_temple_entry_glassed_door, uniq_pikel
D:6:      layout_rooms, uniq_maggie
D:7:      layout_rooms, serial_shops, nicolae_shop_rolling_square,
          serial_park_tiny_2, uniq_prince_ribbit1
D:8:      minmay_chambers_of_sixes, layout_loops_cross

Skill      XL: |  1  2  3  4  5  6  7 |
---------------+----------------------+-----
Spellcasting   | 4 5 6 7 |  7.5
Fire Magic     | 4 5 6 |  6.6
Dodging        | 3 4 5 |  5.0
Conjurations   | 2 3 |  3.8
Stealth        | |  2.5

Action                     |  1- 3 |  4- 6 |  7- 9 || total
---------------------------+-------+-------+-------++-------
   Cast: Foxfire           |    59 |   147 |   154 ||   360
         Volatile Blastmot |       |       |     4 ||     4
    Use: Scroll            |       |     1 |       ||     1
 Armour: Robe              |    14 |    40 |    41 ||    95
  Dodge: Dodged            |    23 |    29 |    58 ||   110

Table legend: (Time is in decaauts)
 A = Elapsed time spent in this place.
 B = Non-inter-level travel time spent in this place.
 C = Inter-level travel time spent in this place.
 D = Time resting spent in this place.
 E = Time spent auto-exploring this place.
 F = Levels seen in this place.
 G = Mean time per level.
                   A        B        C        D        E       F      G
               +--------+--------+--------+--------+--------+-----+--------+
         Total |   6371 |   6038 |    333 |    485 |   4208 |   8 |  796.4 |
       Dungeon |   6371 |   6038 |    333 |    485 |   4208 |   8 |  796.4 |
               +--------+--------+--------+--------+--------+-----+--------+

Top non-repeatable levels by time:
     D:4: 1566 daAuts
     D:3: 1360 daAuts
     D:1: 1022 daAuts
     D:2: 944 daAuts
     D:5: 582 daAuts
     D:6: 466 daAuts
     D:7: 422 daAuts
     D:8: 6 daAuts
